 Dungeon Crawl Stone Soup version 0.30.0-29-ga12c61a403 (webtiles) character file.

Game seed: 12018277708631270511

15306 BONEBRO the Fencer (level 12, -2/78 HPs)
             Began as a Merfolk Gladiator on June 25, 2023.
             Was an Elder of Qazlal.
             Slain by a vault guard
             ... wielding a +3 great sword of holy wrath
              (14 damage)
             ... on level 12 of the Dungeon.
             The game lasted 00:30:02 (11643 turns).

BONEBRO the Fencer (Merfolk Gladiator)             Turns: 11643, Time: 00:30:02

Health: -2/78      AC: 10    Str: 24    XL:     12   Next: 25%
Magic:  12/12      EV: 26    Int:  7    God:    Qazlal [****..]
Gold:   1088       SH:  5    Dex: 26    Spells: 11/11 levels left

rFire   . . .        K - +2 long sword (holy)
rCold   . . .        (no shield)
rNeg    . . .        b - +0 leather armour
rPois   .            S - +2 hat
rElec   .            R - +0 cloak
rCorr   .            y - +1 pair of gloves {Dex+3}
SInv    .            L - +1 pair of boots {Fly}
Will    .....        s - amulet of the acrobat
Stlth   +            m - +6 ring of strength
HPRegen 0.33/turn    O - +6 ring of dexterity
MPRegen 0.13/turn

%: repel missiles, acrobat
@: flying, invisible
A: (nimble swimmer 2), mertail, mutation resistance 1, sturdy frame 1
a: Renounce Religion, Upheaval, Elemental Force


You were on level 12 of the Dungeon.
You worshipped Qazlal.
Qazlal was greatly pleased with you.
You visited 2 branches of the dungeon, and saw 14 of its levels.
You also visited: Bailey.

You collected 1088 gold pieces.

Inventory:

Hand Weapons
 B - the +8 spear "Veuqentu" {drain, MP+9 Int+5 Dex-5}
   (You found it on level 4 of the Dungeon)

   Int:       It affects your intelligence (+5).
   Dex:       It affects your dexterity (-5).
   MP:        It affects your magic capacity (+9).
 G - the +4 flail of the Rattlesnake {flame, rElec rC+ rN+}
   (You found it on level 5 of the Dungeon)

   rC:        It protects you from cold.
   rElec:     It insulates you from electricity.
   rN:        It protects you from negative energy.
 K - a +2 long sword of holy wrath (weapon)
Missiles
 d - 7 throwing nets (quivered)
 e - a javelin
 v - 26 poisoned darts
 N - 4 silver javelins
Armour
 b - a +0 leather armour (worn)
 i - the +0 robe "Jaimatoc" {rF+ Int+3 Dex-5 Archmagi}
   (You took it off a kobold in a bailey)

   Int:       It affects your intelligence (+3).
   Dex:       It affects your dexterity (-5).
   rF:        It protects you from fire.
   Archmagi:  It increases the power of your magical spells.
 y - a +1 pair of gloves of dexterity (worn)
 z - the scarf of Elitism {harm, Str+5}
   (You found it on level 3 of the Dungeon)

   Str:       It affects your strength (+5).
 L - a +1 pair of boots of flying (worn)
 Q - a scarf of shadows
 R - a +0 cloak (worn)
 S - a +2 hat (worn)
 U - a +2 robe of cold resistance
Jewellery
 a - a +6 ring of strength
 f - a ring of ice
 g - a ring of flight
 k - a ring of willpower
 m - a +6 ring of strength (left hand)
 r - a ring of ice
 s - an amulet of the acrobat (around neck)
 u - a ring of protection from fire
 O - a +6 ring of dexterity (right hand)
 T - a ring of ice
 V - a +6 ring of strength
Wands
 C - a wand of charming (10)
 J - a wand of iceblast (10)
Scrolls
 c - 4 scrolls of identify
 h - a scroll of fear
 j - 7 scrolls of vulnerability
 l - 5 scrolls of torment
 t - 2 scrolls of poison
 x - a scroll of immolation {unknown}
 E - a scroll of enchant weapon {unknown}
 F - 4 scrolls of teleportation
 H - 4 scrolls of noise
 P - a scroll of magic mapping {unknown}
Potions
 n - 2 potions of magic {unknown}
 o - 4 potions of flight
 p - a potion of haste {unknown}
 q - a potion of invisibility
 w - 3 potions of curing
 A - a potion of ambrosia {unknown}
 D - a potion of heal wounds {unknown}
 I - a potion of mutation
 M - 3 potions of attraction {unknown}


   Skills:
 - Level 2.1 Fighting
 + Level 16.9 Long Blades
 - Level 10.0 Polearms
 - Level 2.0 Throwing
 - Level 15.0 Dodging


You had 11 spell levels left.
You didn't know any spells.
Your spell library contained the following spells:

 Spells                   Type           Power      Damage    Failure   Level
 Hailstorm                Conj/Ice       0%         3d3       80%         3
 Tukima's Dance           Hex            0%         N/A       80%         3
 Ice Form                 Ice/Tmut       0%         N/A       99%         4
 Passage of Golubria      Tloc           0%         N/A       99%         4
 Yara's Violent Unravell  Hex/Tmut       0%         3d3       100%        5
 Simulacrum               Ice/Necr       0%         N/A       100%        6


Dungeon Overview and Level Annotations

Branches:
Dungeon (13/15)            Temple (1/1) D:4            Lair (0/5) D:10
    Orc (0/2) D:9          Bailey (visited)
 Vaults: D:13-14

Altars:
Ashenzari
Cheibriados
Dithmenos
Elyvilon
Fedhas
Gozag
Hepliaklqana
Kikubaaqudgha
Makhleb
Nemelex Xobeh
Okawaru
Qazlal
Ru
Sif Muna
Trog
Uskayaw
Vehumet
Wu Jian
Xom
Yredelemnul
Zin
The Shining One

Shops:
D:4 :

Annotations:
D:12 Snorg


Innate Abilities, Weirdness & Mutations

((You are very nimble when in or above water. (Stealth+, EV+, Speed+++)))
Your lower body shifts to a powerful aquatic tail in water.
You are somewhat resistant to further mutation.
Your movements are slightly less encumbered by armour. (ER -2)


Message History

The vault guard hits you with a +3 great sword of holy wrath!
A mysterious force pulls you upwards. The hatch slams shut behind you.
Level annotation: Snorg The slime creature quivers. x2
Found a blossoming altar of Fedhas.
Two slime creatures merge to form a large slime creature.
You hit the vault guard.
The vault guard is heavily wounded.
You slash the vault guard!
The vault guard is heavily wounded.
The vault guard misses you.
You hit the vault guard but do no damage.
The vault guard is heavily wounded.
The vault guard hits you with a +3 great sword of holy wrath!!
You are too injured to fight recklessly!
You are too injured to fight recklessly!
You are too injured to fight recklessly!
You closely miss the vault guard.
The vault guard is heavily wounded.
You barely miss the vault guard.
The vault guard is heavily wounded.
You block the vault guard's attack.
You hit the vault guard. You punch the vault guard.
The vault guard is severely wounded.
A large slime creature splits.
The vault guard hits you with a +3 great sword of holy wrath!!
* * * LOW HITPOINT WARNING * * *
You hit the vault guard.
The vault guard is severely wounded.
You slash the vault guard!
The vault guard is severely wounded.
The vault guard hits you with a +3 great sword of holy wrath!
* * * LOW HITPOINT WARNING * * *
You fade into invisibility!
The slime creature quivers.
The vault guard closely misses you.
You hit the vault guard.
The vault guard is severely wounded.
The vault guard hits you with a +3 great sword of holy wrath!
You die...

#
##..#####
........#
#@#
#..###p#
#....JJ#
#.#...J#
#.##.. #.
#... .
≈..~. .
.~~~~# #.
.~_~≈#


You could see a vault guard and 3 slime creatures.

Vanquished Creatures
  Harold (D:11)
  Fannar (D:11)
  A centaur warrior (D:9)
  A two-headed ogre (D:9)
  Urug (D:11)
  Nergalle (D:11)
  A skeletal warrior (D:12)
  An orc knight (Bailey)
  A manticore (D:11)
  2 slime creatures (D:11)
  A gargoyle (D:11)
  3 rime drakes
  2 unseen horrors
  A komodo dragon (D:10)
  A meliai (shapeshifter) (D:12)
  A polar bear (D:10)
  4 wraiths
  2 shadows (D:11)
  10 yaks
  A wyvern (D:8)
  Menkaure (D:6)
  2 steam dragons
  2 water moccasins
  9 orc warriors
  2 black bears (D:5)
  5 ice beasts (D:10)
  An ogre (D:5)
  A sky beast (D:7)
  2 wolves (D:10)
  A centaur (D:10)
  A phantom (D:6)
  A kobold brigand (D:9)
  3 bullfrogs
  2 gnoll sergeants
  21 killer bees
  5 howler monkeys
  4 hounds
  2 jellies
  A gnoll bouda (D:8)
  6 orc priests
  2 sleepcaps (D:5)
  5 iguanas
  4 orc wizards
  9 adders
  26 gnolls
  3 shadow imps
  A white imp (D:7)
  2 worms
  47 orcs
  4 ball pythons
  2 endoplasms
  3 giant cockroaches
  2 goblins
  8 hobgoblins
  6 jackals (D:4)
  2 quokkas
  10 bats
  3 frilled lizards (D:2)
  23 kobolds
  5 rats
276 creatures vanquished.

Vanquished Creatures (others)
  3 orcs (D:9)
3 creatures vanquished.

Grand Total: 279 creatures vanquished

Notes
Turn   | Place    | Note
-------+----------+-------------------------------------------
     0 | D:1      | BONEBRO the Merfolk Gladiator began the quest for the Orb.
     0 | D:1      | Reached XP level 1. HP: 16/16 MP: 1/1
   384 | D:1      | Reached skill level 4 in Long Blades
   703 | D:2      | Reached XP level 2. HP: 21/22 MP: 2/2
   881 | D:2      | Reached skill level 5 in Long Blades
   881 | D:2      | Reached XP level 3. HP: 22/27 MP: 3/3
  1599 | D:3      | Reached XP level 4. HP: 23/33 MP: 4/4
  1864 | D:3      | Found a faded altar of an unknown god.
  1905 | D:3      | Reached skill level 6 in Long Blades
  1990 | D:3      | Identified the scarf of Elitism {harm, Str+5}
  2333 | D:4      | Found a sacrificial altar of Ru.
  2341 | D:4      | Found an iron altar of Okawaru.
  2377 | D:4      | Reached XP level 5. HP: 38/38 MP: 5/5
  2386 | D:4      | Found Dumuc's Self-Improvement Boutique.
  2393 | D:4      | Reached skill level 7 in Long Blades
  2463 | D:4      | Found an opulent altar of Gozag.
  2503 | D:4      | Reached XP level 6. HP: 34/44 MP: 6/6
  2621 | D:4      | Found an ornate altar of the Wu Jian Council.
  2639 | D:4      | Identified the +8 spear "Veuqentu" {drain, MP+9 Int+5
                  | Dex-5}
  2736 | D:4      | Reached skill level 1 in Polearms
  2969 | D:4      | Found a staircase to the Ecumenical Temple.
  3135 | Temple   | Entered the Ecumenical Temple
  3203 | Temple   | Became a worshipper of Qazlal Stormbringer
  3238 | D:5      | Entered Level 5 of the Dungeon
  3494 | D:5      | Identified the +4 flail of the Rattlesnake {flame, rElec
                  | rC+ rN+}
  3585 | D:5      | Reached skill level 5 in Polearms
  3585 | D:5      | Reached XP level 7. HP: 50/50 MP: 7/7
  3987 | D:6      | Reached * piety under Qazlal
  4002 | D:6      | Noticed Menkaure
  4015 | D:6      | Killed Menkaure
  4016 | D:6      | Reached XP level 8. HP: 28/56 MP: 8/8
  4251 | D:6      | Reached skill level 10 in Polearms
  4347 | D:6      | Reached skill level 5 in Dodging
  4651 | D:7      | Noticed a yak
  4651 | D:7      | Noticed a yak
  4652 | D:7      | Noticed a yak
  4653 | D:7      | Noticed a yak
  4657 | D:7      | Noticed a yak
  4659 | D:7      | Killed a yak
  4667 | D:7      | Killed a yak
  4675 | D:7      | Killed a yak
  4676 | D:7      | Reached XP level 9. HP: 56/61 MP: 9/9
  4731 | D:7      | Found a burning altar of Makhleb.
  4772 | D:7      | Reached skill level 10 in Dodging
  4836 | D:7      | Found a flagged portal.
  4854 | D:7      | Reached ** piety under Qazlal
  4857 | Bailey   | Entered a bailey
  5010 | Bailey   | Noticed an orc knight
  5031 | Bailey   | Killed an orc knight
  5067 | Bailey   | Identified the +0 robe "Jaimatoc" {rF+ Int+3 Dex-5
                  | Archmagi}
  5493 | D:7      | Reached skill level 8 in Long Blades
  5493 | D:7      | Reached XP level 10. HP: 63/67 MP: 10/10
  6413 | D:8      | Reached *** piety under Qazlal
  6692 | D:8      | Reached skill level 9 in Long Blades
  6746 | D:8      | Found a shadowy altar of Dithmenos.
  7539 | D:9      | Found a glowing silver altar of Zin.
  7567 | D:9      | Found a hide-covered altar of Uskayaw.
  7575 | D:9      | Found a staircase to the Orcish Mines.
  7594 | D:9      | Noticed a two-headed ogre
  7604 | D:9      | Killed a two-headed ogre
  7605 | D:9      | Reached skill level 10 in Long Blades
  7634 | D:9      | Reached **** piety under Qazlal
  8018 | D:9      | Found a bloodstained altar of Trog.
  8195 | D:10     | Entered Level 10 of the Dungeon
  8209 | D:10     | Noticed a centaur warrior
  8285 | D:9      | Killed a centaur warrior
  8286 | D:9      | Reached skill level 11 in Long Blades
  8286 | D:9      | Reached skill level 15 in Dodging
  8286 | D:9      | Reached XP level 11. HP: 46/72 MP: 11/11
  8416 | D:10     | Reached skill level 12 in Long Blades
  8487 | D:10     | Reached skill level 13 in Long Blades
  8830 | D:10     | Found a staircase to the Lair.
  9196 | D:11     | Noticed a manticore
  9261 | D:11     | Killed a manticore
  9262 | D:11     | Reached skill level 14 in Long Blades
  9480 | D:11     | Identified the +9 flail "Dysainur" {flame, Int+3}
  9496 | D:11     | Noticed Nergalle
  9526 | D:11     | Killed Nergalle
  9763 | D:11     | Noticed Urug
  9778 | D:11     | Killed Urug
  9779 | D:11     | Reached skill level 15 in Long Blades
  9863 | D:11     | Noticed Harold
  9879 | D:11     | Killed Harold
 10006 | D:11     | Noticed Fannar
 10052 | D:11     | Killed Fannar
 10053 | D:11     | Reached XP level 12. HP: 9/78 MP: 12/12
 10280 | D:11     | Reached skill level 16 in Long Blades
 11086 | D:11     | Gained mutation: Your movements are slightly less
                  | encumbered by armour. (ER -2) [potion of mutation]
 11086 | D:11     | Gained mutation: You are somewhat resistant to further
                  | mutation. [potion of mutation]
 11271 | D:12     | Noticed Snorg
 11273 | D:12     | HP: 2/78 [something (6)]
 11608 | D:13     | Noticed a vault guard
 11610 | D:13     | Noticed a vault guard
 11610 | D:13     | Noticed a vault guard
 11611 | D:13     | Noticed a vault guard
 11612 | D:13     | Noticed a vault guard
 11618 | D:13     | Noticed a vault guard
 11628 | D:13     | Noticed a vault guard
 11631 | D:12     | Found a blossoming altar of Fedhas.
 11643 | D:12     | Slain by a vault guard

Illustrated notes

Levels and vault maps discovered:
D:1:      ebering_trefoil_twist, layout_basic, hangedman_abyss_or_decor_stabs
D:2:      layout_basic
D:3:      layout_loops_ring, dreamdust_ecumenical_altar_statues
D:4:      layout_layer_cave, mainiacjoe_overflow_paths, amcnicky_altar_gilded,
          nicolae_overflow_hidden_temple, minmay_temple_entry_statues_fountains,
          chequers_serial_rivers_room_a, nicolae_shop_self_help
D:5:      layout_loops_ring
D:6:      layout_cave_pools, uniq_menkaure
D:7:      layout_basic, old_standard_altar, enter_bailey_8
D:8:      layout_loops_corners, nicolae_dithmenos_through_a_glass_darkly,
          moated_statue, nicolae_nh_ransacked_shop
D:9:      layout_basic, chequers_temple_overflow_statue_of_worship,
          hiddenorc1_lemuel
D:10:     layout_loops_ring, hellmonk_lair_entry_icy
D:11:     layout_irregular_city, portal_ice_cave_rime, uniq_fannar, uniq_urug,
          uniq_nergalle, uniq_harold
D:12:     layout_loops_ring, hangedman_decor_growths, fedhas_altar_2, uniq_snorg
D:13:     wad_bat_island, layout_basic, erik_vaults_2
Temple:   nicolae_temple_god_jail

Skill      XL: |  1  2  3  4  5  6  7  8  9 10 11 12 |
---------------+-------------------------------------+-----
Long Blades    | 4 5 6 7 8 11 15 16 | 16.9
Polearms       | 5 9 10 | 10.0
Dodging        | 8 13 15 | 15.0
Fighting       | |  2.1
Throwing       | |  2.0

Action                     |  1- 3 |  4- 6 |  7- 9 | 10-12 || total
---------------------------+-------+-------+-------+-------++-------
  Melee: Long sword        |    98 |    96 |    13 |   632 ||   839
         Punch             |     1 |     2 |       |    12 ||    15
         Spear             |       |    49 |   264 |       ||   313
  Throw: Throwing net      |       |       |     2 |     2 ||     4
 Invoke: Upheaval          |       |       |       |     2 ||     2
    Use: Scroll            |       |       |     4 |     4 ||     8
         Potion            |       |       |     3 |     6 ||     9
   Stab: Sleeping          |     1 |     3 |       |       ||     4
         Held in net/web   |       |       |     1 |       ||     1
         Invisible         |       |       |       |     6 ||     6
 Armour: Leather armour    |    32 |    41 |    20 |    70 ||   163
         Skin              |       |       |     6 |       ||     6
  Dodge: Dodged            |    77 |    72 |    66 |   583 ||   798
         Repelled          |       |       |       |     3 ||     3
  Block: Other             |       |       |     8 |   124 ||   132
